 Dungeon Crawl Stone Soup version 0.31-a0-889-g1a8549509d (webtiles) character file.

Game seed: 4213211053026044096

9 croobank the Sneak (level 1, -4/18 HPs)
             Began as a Demigod Delver on Oct 16, 2023.
             Killed from afar by a white imp (7 damage)
             ... with a puff of frost
             ... on level 4 of the Dungeon.
             The game lasted 00:02:24 (213 turns).

croobank the Sneak (Demigod Delver)                  Turns: 213, Time: 00:02:24

Health: -4/18      AC:  3    Str: 13    XL:     1   Next: 93%
Magic:  3/3        EV: 12    Int: 12    God:
Gold:   11         SH:  0    Dex: 15    Spells: 0/0 levels left

rFire   . . .        a - +0 short sword
rCold   . . .        (no shield)
rNeg    . . .        b - +0 leather armour
rPois   .            (no helmet)
rElec   .            (no cloak)
rCorr   .            (no gloves)
SInv    .            (no boots)
Will    .....        (no amulet)
Stlth   +++          (no ring)
HPRegen 0.23/turn    (no ring)
MPRegen 0.08/turn

%: no passive effects
@: no status effects
A: high MP 1, forlorn, divine attributes
a: no special abilities


You were on level 4 of the Dungeon.
You visited 1 branch of the dungeon, and saw 3 of its levels.

You collected 11 gold pieces.

Inventory:

Hand Weapons
 a - a +0 short sword (weapon)
Armour
 b - a +0 leather armour (worn)
Wands
 g - a wand of digging (2)


   Skills:
 + Level 2.8 Fighting
 + Level 2.0 Short Blades
 + Level 2.0 Dodging
 + Level 4.6 Stealth


You couldn't memorise any spells.
You didn't know any spells.
Your spell library was empty.

Dungeon Overview and Level Annotations

Branches:
Dungeon (6/15)             Temple (0/1) D:6

Annotations:
D:5 Eustachio


Innate Abilities, Weirdness & Mutations

You have an increased reservoir of magic. (+10% MP)
You shall have no god before yourself.
Your divine heritage dramatically boosts your attributes as you level up.


Message History

The white imp shouts, "Fly, thou gleeking unchin-snouted bloater!"
You hit the white imp.
The white imp is lightly wounded.
You hit the white imp but do no damage.
The white imp is lightly wounded.
The white imp gestures at you. The puff of frost misses you.
The white imp attacks as it pursues you!
The white imp hits you but does no damage.
You hit the white imp but do no damage.
The white imp is lightly wounded.
The white imp hits you. The white imp freezes you.
You aren't carrying any potions.
You hit the white imp.
The white imp is heavily wounded.
The white imp gestures at you. The puff of frost hits you!
You hit the white imp.
You punch the white imp, but do no damage.
The white imp is severely wounded.
The white imp closely misses you.
You hit the white imp but do no damage.
The white imp is severely wounded.
The white imp hits you.
* * * LOW HITPOINT WARNING * * *
The white imp freezes you.
* * * LOW HITPOINT WARNING * * *
You hit the white imp.
The white imp is almost dead.
The white imp gestures at you. The puff of frost misses you.
You hit the white imp but do no damage.
The white imp is almost dead.
The white imp gestures at you. The puff of frost misses you.
You closely miss the white imp.
The white imp is almost dead.
The white imp gestures at you. The puff of frost hits you!
You die...

#.# #.# #.#
#.# #.# #.#
#.# #.# #@#
#5#
#....5.....<.
#.#.#.#######
P.⌠..# #.P
... #.§§§##
#⌠ PP ##..#


You could see 2 white imps.

Vanquished Creatures
  An adder (D:5)
1 creature vanquished.

Notes
Turn   | Place    | Note
-------+----------+-------------------------------------------
     0 | D:5      | croobank the Demigod Delver began the quest for the Orb.
     0 | D:5      | Reached XP level 1. HP: 18/18 MP: 3/3
     1 | D:6      | Found a staircase to the Ecumenical Temple.
     5 | D:6      | Noticed a water moccasin
     6 | D:6      | Noticed a gnoll bouda
    75 | D:6      | Noticed a sleepcap
    75 | D:6      | Noticed a wyvern
    82 | D:6      | Noticed an ogre
   135 | D:5      | Noticed Eustachio
   213 | D:4      | Killed from afar by a white imp

Illustrated notes

Levels and vault maps discovered:
D:4:      layout_loops_ring, nemelex_spade_bored_becter, vehumet_crystals,
          serial_demonic, serial_demonic_f, serial_demonic_e, serial_demonic_g,
          serial_demonic_a, serial_demonic_a, serial_demonic_g,
          serial_demonic_g, serial_demonic_d
D:5:      layout_loops_ring, lemuel_tele_altar, lemuel_doored_altar,
          grunt_gozag_statues, jmf_multi_god_temple, nicolae_nh_ransacked_shop,
          uniq_eustachio
D:6:      layout_cave_pools, temple_statues, gup_sewer_entry_spiral

Skill      XL: |  1 |
---------------+----+-----
Short Blades   | 2 |  2.0
Dodging        | 2 |  2.0
Fighting       | |  2.8
Stealth        | |  4.6

Action                     || total
---------------------------++-------
  Melee: Short sword       ||    10
         Punch             ||     1
  Evoke: Wand              ||     1
    Use: Scroll            ||     3
         Potion            ||     1
   Stab: Sleeping          ||     1
 Armour: Leather armour    ||     5
  Dodge: Dodged            ||     4

Table legend: (Time is in decaauts)
 A = Elapsed time spent in this place.
 B = Non-inter-level travel time spent in this place.
 C = Inter-level travel time spent in this place.
 D = Time resting spent in this place.
 E = Time spent auto-exploring this place.
 F = Levels seen in this place.
 G = Mean time per level.
                   A        B        C        D        E       F      G
               +--------+--------+--------+--------+--------+-----+--------+
         Total |    195 |    192 |      3 |     29 |     36 |   3 |   65.0 |
       Dungeon |    195 |    192 |      3 |     29 |     36 |   3 |   65.0 |
               +--------+--------+--------+--------+--------+-----+--------+

Top non-repeatable levels by time:
     D:6: 90 daAuts
     D:5: 67 daAuts
     D:4: 37 daAuts
